TOP OF THE 1ST |
Midland RockHounds batting - Pitching for Portland Sea Dogs : RHP Justin Carrion
|
Pitching: RHP Justin Carrion
|
|
Batting: RHB Chris Bohm
|
0-0: SINGLE (Flyball, 78S, EV 92.5 MPH)
|
Batting: RHB Chris Prinzing
|
0-0: Fly out, F8 (Flyball, 8RD, EV 105.0 MPH)
|
Batting: LHB Tom Raupp
|
0-0: Called Strike 0-1: Foul Ball, location: 2F 0-2: Ball 1-2: Fly out, F4 (Line Drive, 4D, EV 65.6 MPH)
|
Batting: LHB Chance Stever
|
0-0: Ball 1-0: Ball 2-0: Called Strike 2-1: Ball 3-1: Called Strike 3-2: Ground out 6-3 (Groundball, 6, EV 91.9 MPH)
|
Top of the 1st over - 0 runs, 1 hit, 0 errors, 1 left on base; Midland 0 - Portland 0 |
BOTTOM OF THE 1ST |
Portland Sea Dogs batting - Pitching for Midland RockHounds : RHP Gil Villanueva
|
Pitching: RHP Gil Villanueva
|
|
Batting: RHB Sal Rivera
|
0-0: Ball 1-0: Ball 2-0: Foul Ball, location: 2F 2-1: SINGLE (Flyball, 78S, EV 92.5 MPH)
|
Batting: RHB Mike Batko
|
0-0: Grounds into double play, 4-6-3 (Groundball, 34, EV 103.1 MPH)
|
Batting: RHB Ernie Genier
|
0-0: Ball 1-0: Ball 2-0: Swinging Strike 2-1: Foul Ball, location: 2F 2-2: Strikes out looking
|
Bottom of the 1st over - 0 runs, 1 hit, 0 errors, 0 left on base; Midland 0 - Portland 0 |
TOP OF THE 2ND |
Midland RockHounds batting - Pitching for Portland Sea Dogs : RHP Justin Carrion
|
Batting: RHB Matt Sherard
|
0-0: SINGLE (Groundball, 6MD, EV 92.5 MPH) (infield hit)
|
Batting: RHB Don Burt
|
0-0: Ball 1-0: Swinging Strike 1-1: Called Strike Matt Sherard steals 2nd base 1-2: Ground out 5-3 (Groundball, 56, EV 88.8 MPH)
|
Batting: LHB Jeremy Brammer
|
0-0: SINGLE (Groundball, 34S, EV 68.1 MPH) (infield hit) Matt Sherard to third
|
Batting: LHB Robert Wilkins
|
0-0: Called Strike 0-1: Foul Ball, location: 2F 0-2: Ball 1-2: Foul Ball, location: 2F 1-2: Fly out, F5 (Line Drive, 56, EV 75.0 MPH)
|
Batting: RHB Larry Clark
|
0-0: Ball 1-0: Called Strike 1-1: Foul Ball, location: 2F 1-2: Ball 2-2: Ball 3-2: Fly out, F9 (Line Drive, 9, EV 101.2 MPH)
|
Top of the 2nd over - 0 runs, 2 hits, 0 errors, 2 left on base; Midland 0 - Portland 0 |
BOTTOM OF THE 2ND |
Portland Sea Dogs batting - Pitching for Midland RockHounds : RHP Gil Villanueva
|
Batting: RHB Alex Melendez
|
0-0: Ball 1-0: Ball 2-0: Called Strike 2-1: SOLO HOME RUN (Flyball, 7LD, EV 103.1 MPH), Distance : 382 ft
|
Batting: RHB Travis Campbell
|
0-0: Ball 1-0: Swinging Strike 1-1: Ball 2-1: Foul Ball, location: 2F 2-2: Fly out, F4 (Popup, 4M, EV 54.4 MPH)
|
Batting: LHB Keith Rice
|
0-0: Called Strike 0-1: Foul Ball, location: 2F 0-2: Ball 1-2: Fly out, F6 (Popup, 4MD, EV 54.4 MPH)
|
Batting: RHB Miguel Villanueva
|
0-0: Ground out 6-3 (Groundball, 4M, EV 105.0 MPH)
|
Bottom of the 2nd over - 1 run, 1 hit, 0 errors, 0 left on base; Midland 0 - Portland 1 |
TOP OF THE 3RD |
Midland RockHounds batting - Pitching for Portland Sea Dogs : RHP Justin Carrion
|
Batting: RHB Chris Bohm
|
0-0: Ball 1-0: Swinging Strike 1-1: Ball 2-1: Foul Ball, location: 2F 2-2: Ball 3-2: Ground out 6-3 (Groundball, 6, EV 90.6 MPH)
|
Batting: RHB Chris Prinzing
|
0-0: Called Strike 0-1: Ball 1-1: Ball 2-1: Foul Ball, location: 2F 2-2: Ball 3-2: Base on Balls
|
Batting: LHB Tom Raupp
|
0-0: Called Strike 0-1: Ball Chris Prinzing is caught stealing 2nd base 2-6 1-1: SINGLE (Flyball, 5D, EV 90.6 MPH)
|
Batting: LHB Chance Stever
|
0-0: Ball 1-0: Ball 2-0: Fielders Choice at 2nd, 6-4 (Groundball, 6, EV 85.6 MPH)
|
Top of the 3rd over - 0 runs, 1 hit, 0 errors, 1 left on base; Midland 0 - Portland 1 |
BOTTOM OF THE 3RD |
Portland Sea Dogs batting - Pitching for Midland RockHounds : RHP Gil Villanueva
|
Batting: RHB Frank Sokolosky
|
0-0: Ball 1-0: Foul Ball, location: 2F 1-1: Ball 2-1: Called Strike 2-2: Foul Ball, location: 2F 2-2: Ball 3-2: Ground out 4-3 (Groundball, 4, EV 88.8 MPH)
|
Batting: LHB Dave Reyes
|
0-0: Called Strike 0-1: Ball 1-1: Swinging Strike 1-2: Strikes out swinging
|
Batting: RHB Sal Rivera
|
0-0: Ground out 4-3 (Groundball, 6M, EV 82.5 MPH)
|
Bottom of the 3rd over - 0 runs, 0 hits, 0 errors, 0 left on base; Midland 0 - Portland 1 |
TOP OF THE 4TH |
Midland RockHounds batting - Pitching for Portland Sea Dogs : RHP Justin Carrion
|
Batting: RHB Matt Sherard
|
0-0: Ball 1-0: Called Strike 1-1: Ball 2-1: Fly out, F8 (Flyball, 78M, EV 95.6 MPH)
|
Batting: RHB Don Burt
|
0-0: Ball 1-0: Called Strike 1-1: Ground out 5-3 (Groundball, 56, EV 101.2 MPH)
|
Batting: LHB Jeremy Brammer
|
0-0: Fly out, F5 (Line Drive, 56, EV 75.0 MPH)
|
Top of the 4th over - 0 runs, 0 hits, 0 errors, 0 left on base; Midland 0 - Portland 1 |
BOTTOM OF THE 4TH |
Portland Sea Dogs batting - Pitching for Midland RockHounds : RHP Gil Villanueva
|
Batting: RHB Mike Batko
|
0-0: SINGLE (Flyball, 7S, EV 92.5 MPH) - OUT at second base trying to stretch hit.
|
Batting: RHB Ernie Genier
|
0-0: Ground out 4-3 (Groundball, 13, EV 88.8 MPH)
|
Batting: RHB Alex Melendez
|
0-0: Ball 1-0: Ball 2-0: Ball 3-0: Called Strike 3-1: Base on Balls
|
Batting: RHB Travis Campbell
|
0-0: Called Strike 0-1: 2-RUN HOME RUN (Flyball, 7D, EV 108.1 MPH), Distance : 407 ft
|
Batting: LHB Keith Rice
|
0-0: Ground out 6-3 (Groundball, 56, EV 83.8 MPH)
|
Bottom of the 4th over - 2 runs, 2 hits, 0 errors, 0 left on base; Midland 0 - Portland 3 |
TOP OF THE 5TH |
Midland RockHounds batting - Pitching for Portland Sea Dogs : RHP Justin Carrion
|
Batting: LHB Robert Wilkins
|
0-0: Called Strike 0-1: Called Strike 0-2: Ball 1-2: Ground out 5-3 (Groundball, 56, EV 103.1 MPH)
|
Batting: RHB Larry Clark
|
0-0: Ball 1-0: Fly out, F8 (Flyball, 8RXD, EV 91.9 MPH)
|
Batting: RHB Chris Bohm
|
0-0: Ball 1-0: Foul Ball, location: 2F 1-1: Called Strike 1-2: Fly out, F7 (Flyball, 7S, EV 91.9 MPH)
|
Top of the 5th over - 0 runs, 0 hits, 0 errors, 0 left on base; Midland 0 - Portland 3 |
BOTTOM OF THE 5TH |
Portland Sea Dogs batting - Pitching for Midland RockHounds : RHP Gil Villanueva
|
Batting: RHB Miguel Villanueva
|
0-0: Swinging Strike 0-1: Foul Ball, location: 2F 0-2: Ground out 6-3 (Groundball, 6, EV 84.4 MPH)
|
Batting: RHB Frank Sokolosky
|
0-0: Foul Ball, location: 2F 0-1: Ground out 6-3 (Groundball, 6, EV 78.1 MPH)
|
Batting: LHB Dave Reyes
|
0-0: Called Strike 0-1: Ball 1-1: SINGLE (Groundball, 6M, EV 95.0 MPH) (infield hit)
|
Batting: RHB Sal Rivera
|
0-0: Ball 1-0: Ball 2-0: Ball 3-0: Called Strike 3-1: Swinging Strike 3-2: Base on Balls Dave Reyes to second
|
Batting: RHB Mike Batko
|
0-0: Swinging Strike 0-1: Ball 1-1: Ball 2-1: Foul Ball, location: 2F 2-2: Ball 3-2: Base on Balls Dave Reyes to third Sal Rivera to second
|
Batting: RHB Ernie Genier
|
0-0: Foul Ball, location: 2F 0-1: Ground out 6-3 (Groundball, 6S, EV 87.5 MPH)
|
Bottom of the 5th over - 0 runs, 1 hit, 0 errors, 3 left on base; Midland 0 - Portland 3 |
TOP OF THE 6TH |
Midland RockHounds batting - Pitching for Portland Sea Dogs : RHP Justin Carrion
|
Batting: RHB Chris Prinzing
|
0-0: Ball 1-0: Foul Ball, location: 2F 1-1: Ball 2-1: Fly out, F3 (Line Drive, 34, EV 77.5 MPH)
|
Batting: LHB Tom Raupp
|
0-0: Swinging Strike 0-1: Swinging Strike 0-2: Strikes out swinging
|
Batting: LHB Chance Stever
|
0-0: Called Strike 0-1: Foul Ball, location: 2F 0-2: Ground out 1-3 (Groundball, 34S, EV 69.4 MPH)
|
Top of the 6th over - 0 runs, 0 hits, 0 errors, 0 left on base; Midland 0 - Portland 3 |
BOTTOM OF THE 6TH |
Portland Sea Dogs batting - Pitching for Midland RockHounds : RHP Gil Villanueva
|
Batting: RHB Alex Melendez
|
0-0: Ball 1-0: Called Strike 1-1: Ground out 5-3 (Groundball, 56S, EV 79.4 MPH)
|
Batting: RHB Travis Campbell
|
0-0: Called Strike 0-1: Foul Ball, location: 2F 0-2: Ground out 4-3 (Groundball, 4, EV 80.0 MPH)
|
Batting: LHB Keith Rice
|
0-0: Called Strike 0-1: Ball 1-1: Ball 2-1: Ball 3-1: Ground out 4-3 (Groundball, 34D, EV 105.6 MPH)
|
Bottom of the 6th over - 0 runs, 0 hits, 0 errors, 0 left on base; Midland 0 - Portland 3 |
TOP OF THE 7TH |
Midland RockHounds batting - Pitching for Portland Sea Dogs : RHP Justin Carrion
|
Batting: RHB Matt Sherard
|
0-0: Ball 1-0: SINGLE (Line Drive, 3D, EV 94.4 MPH)
|
Batting: RHB Don Burt
|
0-0: Called Strike Matt Sherard is caught stealing 2nd base 2-4 0-1: Ball 1-1: Foul Ball, location: 2F 1-2: Foul Ball, location: 2F 1-2: Fly out, F8 (Line Drive, 89M, EV 91.9 MPH)
|
Batting: LHB Jeremy Brammer
|
0-0: Foul Ball, location: 2F 0-1: Fly out, F9 (Flyball, 89S, EV 79.4 MPH)
|
Top of the 7th over - 0 runs, 1 hit, 0 errors, 0 left on base; Midland 0 - Portland 3 |
BOTTOM OF THE 7TH |
Portland Sea Dogs batting - Pitching for Midland RockHounds : RHP Gil Villanueva
|
Batting: RHB Miguel Villanueva
|
0-0: Swinging Strike 0-1: Foul Ball, location: 2F 0-2: Strikes out swinging
|
Batting: RHB Frank Sokolosky
|
0-0: Fly out, F9 (Flyball, 9, EV 89.4 MPH)
|
Batting: LHB Dave Reyes
|
0-0: Swinging Strike 0-1: Called Strike 0-2: Ground out 6-3 (Groundball, 6M, EV 87.5 MPH)
|
Bottom of the 7th over - 0 runs, 0 hits, 0 errors, 0 left on base; Midland 0 - Portland 3 |
TOP OF THE 8TH |
Midland RockHounds batting - Pitching for Portland Sea Dogs : RHP Justin Carrion
|
Batting: LHB Robert Wilkins
|
0-0: Fly out, F6 (Popup, 6M, EV 74.4 MPH)
|
Pinch Hitting: LHB Nick Pacheco
|
0-0: Swinging Strike 0-1: Foul Ball, location: 2F 0-2: Foul Ball, location: 2F 0-2: Ball 1-2: Ground out 4-3 (Groundball, 4, EV 88.8 MPH)
|
Batting: RHB Chris Bohm
|
0-0: Ball 1-0: Swinging Strike 1-1: Ball 2-1: Ball 3-1: Foul Ball, location: 2F 3-2: Reached on error, E6 (Groundball, 6, EV 96.9 MPH)
|
Batting: RHB Chris Prinzing
|
0-0: Ball 1-0: Ball 2-0: Foul Ball, location: 2F 2-1: Ball 3-1: Ground out 4-3 (Groundball, 34, EV 80.6 MPH)
|
Top of the 8th over - 0 runs, 0 hits, 1 error, 1 left on base; Midland 0 - Portland 3 |
BOTTOM OF THE 8TH |
Portland Sea Dogs batting - Pitching for Midland RockHounds : RHP Gil Villanueva
|
Now at 2B: Jose Mojica
|
|
Batting: RHB Sal Rivera
|
0-0: Foul Ball, location: 2F 0-1: Ball 1-1: Fly out, F5 (Popup, 25F, EV 75.0 MPH)
|
Batting: RHB Mike Batko
|
0-0: Ball 1-0: Foul Ball, location: 2F 1-1: Ball 2-1: Fly out, F8 (Flyball, 8RM, EV 97.5 MPH)
|
Batting: RHB Ernie Genier
|
0-0: Foul Ball, location: 2F 0-1: Ball 1-1: Ball 2-1: Swinging Strike 2-2: Foul Ball, location: 2F 2-2: Foul Ball, location: 2F 2-2: Ball 3-2: Foul Ball, location: 2F 3-2: Foul Ball, location: 2F 3-2: Ground out 5-3 (Groundball, 56S, EV 80.6 MPH)
|
Bottom of the 8th over - 0 runs, 0 hits, 0 errors, 0 left on base; Midland 0 - Portland 3 |
TOP OF THE 9TH |
Midland RockHounds batting - Pitching for Portland Sea Dogs : RHP Justin Carrion
|
Pitching: RHP Cody Humphries
|
|
Batting: LHB Tom Raupp
|
0-0: Ball 1-0: Swinging Strike 1-1: Ball 2-1: Ball 3-1: Called Strike 3-2: Strikes out looking
|
Batting: LHB Chance Stever
|
0-0: Foul Ball, location: 2F 0-1: Fly out, F9 (Line Drive, 89S, EV 101.2 MPH)
|
Batting: RHB Matt Sherard
|
0-0: Called Strike 0-1: Ball 1-1: Ball 2-1: SINGLE (Line Drive, 3D, EV 105.6 MPH)
|
Batting: RHB Don Burt
|
0-0: Ball Wild Pitch! Matt Sherard to second 1-0: Foul Ball, location: 2F 1-1: Swinging Strike 1-2: Ball 2-2: Ball 3-2: SINGLE (Line Drive, 7S, EV 110.0 MPH) Matt Sherard to third
|
Batting: LHB Jeremy Brammer
|
0-0: Called Strike 0-1: 3-RUN HOME RUN (Flyball, 9LD, EV 96.9 MPH), Distance : 344 ft
|
Batting: LHB Robert Wilkins
|
0-0: Ground out 1-3 (Groundball, 23, EV 67.5 MPH)
|
Top of the 9th over - 3 runs, 3 hits, 0 errors, 0 left on base; Midland 3 - Portland 3 |
BOTTOM OF THE 9TH |
Portland Sea Dogs batting - Pitching for Midland RockHounds : RHP Gil Villanueva
|
Pinch Hitting: LHB Julian Toney
|
0-0: Swinging Strike 0-1: Ground out 4-3 (Groundball, 4, EV 78.1 MPH)
|
Batting: RHB Travis Campbell
|
0-0: Ball 1-0: Fly out, F9 (Flyball, 9S, EV 90.0 MPH)
|
Batting: LHB Keith Rice
|
0-0: Called Strike 0-1: Ball 1-1: Fly out, F9 (Flyball, 9S, EV 76.2 MPH)
|
Bottom of the 9th over - 0 runs, 0 hits, 0 errors, 0 left on base; Midland 3 - Portland 3 |
TOP OF THE 10TH |
Midland RockHounds batting - Pitching for Portland Sea Dogs : RHP Cody Humphries
|
Pitching: RHP Elliot Monroe
|
|
Now at C: Pat Bulger
|
|
Batting: LHB Jose Mojica
|
0-0: Called Strike 0-1: Called Strike 0-2: Foul Ball, location: 2F 0-2: Foul Ball, location: 2F 0-2: Ball 1-2: Ball 2-2: Ball 3-2: Strikes out looking
|
Batting: RHB Chris Bohm
|
0-0: Swinging Strike 0-1: Swinging Strike 0-2: Strikes out looking
|
Batting: RHB Chris Prinzing
|
0-0: Swinging Strike 0-1: Ball 1-1: Ball 2-1: Called Strike 2-2: Fly out, F7 (Flyball, 78D, EV 97.5 MPH)
|
Top of the 10th over - 0 runs, 0 hits, 0 errors, 0 left on base; Midland 3 - Portland 3 |
BOTTOM OF THE 10TH |
Portland Sea Dogs batting - Pitching for Midland RockHounds : RHP Gil Villanueva
|
DELAY
|
Rain delay of 26 minutes in the 10th inning.
|
Pitching: RHP Chad Casey
|
|
Pinch Hitting: LHB Aaron Brannon
|
0-0: Called Strike 0-1: Ball 1-1: Foul Ball, location: 2F 1-2: Fly out, F7 (Flyball, 7, EV 86.9 MPH)
|
Pinch Hitting: LHB Sergio Tinoco
|
0-0: Called Strike 0-1: SINGLE (Line Drive, 78S, EV 100.6 MPH)
|
Batting: LHB Dave Reyes
|
0-0: Ball 1-0: Ball 2-0: Called Strike 2-1: SINGLE (Line Drive, 4D, EV 96.9 MPH) Sergio Tinoco to second
|
Batting: RHB Sal Rivera
|
0-0: Fly out, F7 (Flyball, 7, EV 88.8 MPH)
|
Batting: RHB Mike Batko
|
0-0: Ball 1-0: Swinging Strike 1-1: Called Strike 1-2: Ball 2-2: Strikes out swinging
|
Bottom of the 10th over - 0 runs, 2 hits, 0 errors, 2 left on base; Midland 3 - Portland 3 |
TOP OF THE 11TH |
Midland RockHounds batting - Pitching for Portland Sea Dogs : RHP Elliot Monroe
|
Now at 2B: Larry Brocato
|
|
Now at SS: Mike Batko
|
|
Now in RF: Jim Hubbard
|
|
Batting: LHB Tom Raupp
|
0-0: Ball 1-0: Swinging Strike 1-1: Ball 2-1: Ball 3-1: Foul Ball, location: 2F 3-2: Strikes out swinging
|
Batting: LHB Chance Stever
|
0-0: SOLO HOME RUN (Flyball, 78XD, EV 107.5 MPH), Distance : 420 ft
|
Batting: RHB Matt Sherard
|
0-0: Called Strike 0-1: Ball 1-1: Ball 2-1: SINGLE (Groundball, 25, EV 68.8 MPH) (infield hit)
|
Batting: RHB Don Burt
|
0-0: Hit by Pitch Matt Sherard to second
|
Batting: LHB Jeremy Brammer
|
0-0: Swinging Strike 0-1: SINGLE (Line Drive, 4MD, EV 107.5 MPH) Matt Sherard to third Don Burt to second Runner from 3rd tries for Home, SAFE, throw by CF to home
|
Batting: LHB Robert Wilkins
|
0-0: Called Strike 0-1: Swinging Strike 0-2: Foul Ball, location: 2F 0-2: Ball 1-2: Grounds into double play, 5-4-3 (Groundball, 56, EV 85.6 MPH)
|
Top of the 11th over - 2 runs, 3 hits, 0 errors, 1 left on base; Midland 5 - Portland 3 |
BOTTOM OF THE 11TH |
Portland Sea Dogs batting - Pitching for Midland RockHounds : RHP Chad Casey
|
Batting: RHB Ernie Genier
|
0-0: Ball 1-0: Ball 2-0: Foul Ball, location: 2F 2-1: Ball 3-1: Swinging Strike 3-2: Foul Ball, location: 2F 3-2: Foul Ball, location: 2F 3-2: Strikes out swinging
|
Pinch Hitting: LHB Parker Lowe
|
0-0: SOLO HOME RUN (Flyball, 8RXD, EV 105.0 MPH), Distance : 429 ft
|
Batting: RHB Travis Campbell
|
0-0: Foul Ball, location: 2F 0-1: Ball 1-1: Fly out, F9 (Flyball, 9, EV 84.4 MPH)
|
Batting: LHB Keith Rice
|
0-0: Ball 1-0: Ball 2-0: Ground out 4-3 (Groundball, 34, EV 106.2 MPH)
|
Bottom of the 11th over - 1 run, 1 hit, 0 errors, 0 left on base; Midland 5 - Portland 4 |
|